Mourne, chaotic male orcish Priest ----- ....| |..<| ....| ------------- # -.--- |`.........`| ### ## |.....`.....| # # |..%-.---...- ######### |...|.{ |...| #--------------+- |..`|{.{|`..| #|..............| |.*.|.{.|...| ##|..............| `######....-----...| ##...............| - ---------- |.....`.....|### |.....*........| .....[.....| |`.........`)### ---------------- .....| -------------# `..#######a@##d########## .....| ------- Mourne the Acolyte Experience level: 5 Strength: 9 Dexterity: 18 Constitution: 17 Intelligence: 9 Wisdom: 15 Charisma: 11 Health: 0(41) Energy: 51(51) Def: 7 Gold: 818 Moves: 2420 Dungeon seed: 8Qs2z6-KmqlfeXIW Game ID: Mourne_1520560517 Your Inventory: Coins $ - 818 gold pieces Weapons a - a blessed +1 mace (weapon in hand) Armor e - an uncursed +0 robe (being worn) n - an uncursed +0 orcish shield (being worn) q - an uncursed +0 scale mail (being worn) Comestibles c - an uncursed clove of garlic d - 2 uncursed sprigs of wolfsbane j - 3 uncursed food rations Scrolls m - an uncursed scroll of amnesia v - a cursed scroll of identify w - an uncursed scroll of scare monster x - an uncursed scroll of remove curse Potions b - 4 potions of holy water o - 2 uncursed potions of healing s - an uncursed potion of gain ability Tools h - an uncursed oil lamp (0:1407) p - an uncursed blindfold Spells and supernatural/magical abilities: Name Level Category Fail Memory h - healing 1 healing 88% 97% l - light 1 divination 94% 97% u - confuse monster 2 enchantment 100% 98% W - pray for help -- divine ? -- X - turn undead -- divine ? -- Your skills at the end: Fighting Skills wands [Basic] Weapon Skills mace [Basic] Spellcasting Skills clerical spells [Basic] Final Attributes: You were immune to poison. You had infravision. You are dead. Vanquished creatures: a small mimic a dust vortex 2 plains centaurs a wood nymph a rock mole 3 ponies a shrieker a violet fungus a giant bat 4 dwarf zombies a wererat 2 iguanas 6 coyotes 2 giant rats a brown mold 2 garter snakes a gnome zombie a gecko 5 jackals a grid bug a bat 2 lichens 5 newts 46 creatures vanquished. Voluntary challenges: You were an atheist. You used a wielded weapon 63 times, starting on turn 117. You read items or engraved 6 times, starting on turn 320. You never genocided any monsters. You never polymorphed an object. You never changed form. You used no wishes. You never split a pudding. You never wrote Elbereth's name. You never violated your personal moral code. Dungeon overview: The Dungeons of Doom: levels 1 to 8 Level 1 an altar to Chih Sung-tzu, some fountains, a sink a long staircase Level 2 a fountain Level 3 Level 4 a fountain, a vault a long staircase Level 5 a weapon shop, a fountain Level 6 a fountain Level 7 a fountain Level 8 <- You were here many fountains History has recorded: On T:1 you entered the Dungeons of Doom to retrieve the Amulet of Yendor! On T:319 you reached level 2 of The Dungeons of Doom. On T:604 you reached level 3 of The Dungeons of Doom. On T:790 you reached level 4 of The Dungeons of Doom. On T:878 you advanced to experience level 2. On T:1191 you reached level 5 of The Dungeons of Doom. On T:1256 you advanced to experience level 3. On T:1402 you advanced to experience level 4. On T:1476 you reached level 6 of The Dungeons of Doom. On T:1867 you reached level 7 of The Dungeons of Doom. On T:2188 you reached level 8 of The Dungeons of Doom. On T:2245 you advanced to experience level 5. Score breakdown: Gold: 818 ( 9909 points) Experience: 5 levels (11141 points) Exploration: 8 levels ( 16.67%) (11577 points) Discoveries: 1 item ( 0.35%) ( 1764 points) Valuables value: (no points given unless you survive) Artifact value: 0 ( 0 points) Variety of kills: 23 monsters ( 6.05%) ( 7380 points) Turncount: 2420 turns ( -282 points) Survival: died (score multiplied by 80%) Total score: 33191 Latest messages: With great effort you move the boulder. You hear some noises in the distance. You feel more confident in your weapon skills. You hit the giant beetle! The giant beetle bites! You hit the giant beetle. You hear some noises in the distance. You hit the giant beetle! The giant beetle misses. You miss the giant beetle. You hear some noises in the distance. You hit the giant beetle! The giant beetle bites! You hear some noises in the distance. (5x) The giant beetle bites! You miss the giant beetle. (2x) The giant beetle bites! You displace Doggo. You hear some noises nearby. (3x) You displace Doggo. The giant beetle bites! You die... Final status: Goodbye Mourne the Priest, killed by a giant beetle... You died in The Dungeons of Doom on dungeon level 8 with 33191 points, and 818 pieces of gold, after 2420 moves. You were level 5 with a maximum of 41 hit points when you died.